 Dungeon Crawl Stone Soup version 0.24-a0-789-g35933f4585 (webtiles) character file.

Game seed: 10882747470355377540, levelgen mode: deterministic

5898 GordonOverkill the Skirmisher (level 10, -1/79 HPs)
             Began as a Demonspawn Fire Elementalist on Oct 10, 2019.
             Was a Priest of Sif Muna.
             Slain by a vampire mosquito (9 damage)
             ... on level 8 of the Dungeon.
             The game lasted 00:29:25 (12845 turns).

GordonOverkill the Skirmisher (DsFE)               Turns: 12845, Time: 00:29:26

Health: -1/79      AC:  7    Str:  5    XL:     10   Next: 53%
Magic:  4/20       EV: 12    Int: 19    God:    Sif Muna [***...]
Gold:   230        SH: 10    Dex: 14    Spells: 14/22 levels left

rFire    + + .     SeeInvis .   A - +7 hand axe of Linearity {drain, rF++ Str-4}
rCold    + + .     Gourm    .   n - +0 buckler
rNeg     . . .     Faith    .   t - +1 robe of Huen {rPois rC+}
rPois    +         Spirit   .   E - +0 hat
rElec    .         Reflect  +   O - +0 cloak {rPois}
rCorr    +         Harm     .   (no gloves)
MR       .....                  (no boots)
Stlth    ++........             F - +5 amulet of reflection
HPRegen  0.23/turn              f - ring of resist corrosion
MPRegen  0.17/turn              (no ring)

@: no status effects
A: antennae 2, slimy green scales 2, cold resistance 1, rot immunity
a: Channel Magic, Forget Spell, Renounce Religion


You were on level 8 of the Dungeon.
You worshipped Sif Muna.
Sif Muna was most pleased with you.
You were not hungry.

You visited 2 branches of the dungeon, and saw 10 of its levels.
You also visited: Sewer.

You collected 514 gold pieces.
You spent 284 gold pieces at shops.

Inventory:

Hand Weapons
 b - a +1 dagger of venom
 x - a +2 scythe of venom
 A - the +7 hand axe of Linearity (weapon) {drain, rF++ Str-4}
   (You found it on level 5 of the Dungeon)

   A truly terrible weapon, it drains the life of those it strikes.
   It affects your strength (-4).
   It greatly protects you from fire.
Missiles
 e - 325 stones
 q - 2 boomerangs (quivered)
 J - a throwing net
Armour
 n - a +0 buckler (worn)
 t - the +1 robe of Huen (worn) {rPois rC+}
   (You found it on level 4 of the Dungeon)

   It protects you from cold.
   It protects you from poison.
 v - a +2 robe of fire resistance
 E - a +0 hat (worn)
 O - a +0 cloak of poison resistance (worn)
Jewellery
 f - a ring of resist corrosion (left hand)
 h - an uncursed amulet of regeneration
 F - a +5 amulet of reflection (around neck)
Wands
 a - a wand of scattershot (5)
 p - a wand of flame (40)
 M - a wand of paralysis (9)
Scrolls
 g - 3 scrolls of fear
 j - 4 scrolls of remove curse
 k - 8 scrolls of magic mapping
 l - a scroll of amnesia
 m - 2 scrolls of fog
 o - 4 scrolls of immolation
 B - 2 scrolls of enchant armour
 K - a scroll of vulnerability
 L - a scroll of blinking
Potions
 d - 5 potions of curing
 i - a potion of mutation
 r - 2 potions of heal wounds
 s - 2 potions of haste
 u - a potion of might {unknown}
 w - a potion of magic {unknown}
 z - a potion of invisibility {unknown}
 C - a potion of berserk rage {unknown}
 D - a potion of flight
 N - a potion of brilliance
Comestibles
 c - 15 rations


   Skills:
 - Level 7.0 Fighting
 - Level 2.0 Dodging
 - Level 2.0 Stealth
 - Level 4.0 Shields
 + Level 6.8 Spellcasting
 - Level 7.0 Conjurations
 + Level 6.8 Fire Magic
 - Level 6.0 Invocations
 - Level 3.0 Evocations


You had 14 spell levels left.
You knew the following spells:

 Your Spells              Type           Power        Failure   Level  Hunger
a - Flame Tongue          Conj/Fire      ####.        1%          1    None
b - Conjure Flame         Conj/Fire      ####....     1%          3    #......
c - Sticky Flame          Conj/Fire      ####....     6%          4    ###....

Your spell library contained the following spells:

 Spells                   Type           Power        Failure   Level  Hunger
 Throw Flame              Conj/Fire      ####..       1%          2    None
 Inner Flame              Hex/Fire       ###.....     8%          3    #......
 Fireball                 Conj/Fire      ####......   17%         5    #####..


Dungeon Overview and Level Annotations

Branches:
Dungeon (9/15)             Temple (1/1) D:4            Lair (0/6) D:8
  Sewer (visited)
    Orc: D:9-12

Altars:
Ashenzari
Cheibriados
Dithmenos
Elyvilon
Fedhas
Gozag
Hepliaklqana
Kikubaaqudgha
Makhleb
Nemelex Xobeh
Okawaru
Qazlal
Ru
Sif Muna
Trog
Uskayaw
Vehumet
Wu Jian
Xom
Yredelemnul
Zin
The Shining One

Shops:
D:4 %   D:5 (?

Annotations:
D:9 1 runed translucent door, Ripnakha's ghost, novice TrMo


Innate Abilities, Weirdness & Mutations

You have a pair of antennae on your head.
You are mostly covered in slimy green scales. (AC +3)
Your flesh is cold resistant. (rC+)
You are immune to rotting.


Message History

The vampire mosquito burns!
The vampire mosquito bites you but does no damage.
The vampire mosquito bites you!
* * * LOW HITPOINT WARNING * * *
The vampire mosquito draws strength from your injuries!
The vampire mosquito burns!
The vampire mosquito closely misses you.
The vampire mosquito burns!
The vampire mosquito burns!
You barely miss the vampire mosquito.
The vampire mosquito is severely damaged.
The vampire mosquito burns! x2; The vampire mosquito bites you.
* * * LOW HITPOINT WARNING * * *
The vampire mosquito draws strength from your injuries!
The vampire mosquito bites you!
* * * LOW HITPOINT WARNING * * *
The vampire mosquito draws strength from your injuries!
The vampire mosquito bites you but does no damage.
The vampire mosquito bites you!
You die...

########## #........##
#.......>.# #.######..#
#.# #..#
##############.### #..#
รท..............yy# #..#
##.##..........#@# #..#
#.###########.#.# #..#
##.#.#########.#.## #..#
....#.)......#..[.###..#
#..#.#######.#.........#
#..#.# ##.##...##...#
#..#.######.#.##.###.###
...#.#...(.###.).# #.#
...#.#.####.#.#### #.#


You could see 2 vampire mosquitoes.

Vanquished Creatures
  A two-headed ogre (D:8)
  A deep elf mage (D:9)
  A cyclops (D:8)
  Maurice (D:8)
  A komodo dragon (D:8)
  Grinder (D:5)
  A hippogriff (D:6)
  Sigmund (D:5)
  The ghost of ruda the Skirmisher, an amateur HOAK (D:4)
  A hungry ghost (D:7)
  2 vampire mosquitoes
  Menkaure (D:5)
  Purgy (Sewer)
  A sky beast (D:7)
  A phantom (D:7)
  2 ice beasts
  4 ogres
  4 bullfrogs
  A scorpion (D:7)
  6 killer bees (D:8)
  2 crimson imps (D:7)
  A quasit (D:9)
  5 hounds
  7 orc priests
  7 orc wizards
  2 jellies (D:7)
  3 bullfrog skeletons (D:5)
  5 iguanas
  2 worker ants
  2 hound skeletons (D:6)
  A howler monkey zombie (D:8)
  A worker ant zombie (D:6)
  4 gnolls (D:7)
  15 adders
  5 shadow imps
  2 oozes
  An adder zombie (D:8)
  3 adder skeletons
  2 dart slugs (D:1)
  A worm (D:3)
  A leopard gecko (D:2)
  33 orcs
  2 ball pythons
  6 bats
  6 giant cockroaches
  13 goblins
  10 hobgoblins
  21 jackals
  11 kobolds
  4 quokkas
  A ball python zombie (D:5)
  12 frilled lizards
  3 leopard gecko zombies
  A quokka skeleton (D:9)
  14 rats
242 creatures vanquished.

Vanquished Creatures (others)
  17 plants (D:8)
17 creatures vanquished.

Grand Total: 259 creatures vanquished

Notes
Turn   | Place    | Note
-------+----------+-------------------------------------------
     0 | D:1      | GordonOverkill the Demonspawn Fire Elementalist began the
                  | quest for the Orb.
     0 | D:1      | Reached XP level 1. HP: 13/13 MP: 3/3
   529 | D:1      | Gained mutation: You have a pair of small antennae on your
                  | head. [demonic ancestry]
   529 | D:1      | Reached XP level 2. HP: 17/19 MP: 0/5
  1159 | D:1      | Reached XP level 3. HP: 24/24 MP: 3/6
  1837 | D:1      | Learned a level 3 spell: Conjure Flame
  2619 | D:2      | Gained mutation: You have a pair of antennae on your head.
                  | [demonic ancestry]
  2619 | D:2      | Reached XP level 4. HP: 10/30 MP: 0/8
  3765 | D:3      | Found a burning altar of Makhleb.
  3765 | D:3      | Noticed a cacodemon
  3768 | D:3      | Noticed a neqoxec
  3768 | D:3      | Noticed a neqoxec
  3823 | D:3      | Gained mutation: You are immune to rotting. [demonic
                  | ancestry]
  3823 | D:3      | Reached XP level 5. HP: 35/35 MP: 4/9
  4217 | D:3      | Found an iron altar of Okawaru.
  4277 | D:4      | Found Letwuetock's Food Boutique.
  4478 | D:4      | Found a staircase to the Ecumenical Temple.
  4767 | D:4      | Found a transporter.
  4768 | D:4      | Found a transporter.
  4921 | D:4      | Learned a level 4 spell: Sticky Flame
  5024 | D:4      | Found a hide-covered altar of Uskayaw.
  5024 | D:4      | Found a snail-covered altar of Cheibriados.
  5024 | D:4      | Found a blossoming altar of Fedhas.
  5025 | D:4      | Found a glowing silver altar of Zin.
  5142 | D:4      | Reached skill level 1 in Shields
  5201 | D:4      | Noticed an ogre
  5211 | D:4      | Killed an ogre
  5211 | D:4      | Gained mutation: You are partially covered in slimy green
                  | scales. (AC +2) [demonic ancestry]
  5211 | D:4      | Reached XP level 6. HP: 41/41 MP: 4/11
  5422 | D:4      | Found a runed translucent door.
  5682 | D:4      | Noticed ruda's ghost (amateur HOAK)
  5691 | D:4      | Killed ruda's ghost
  5907 | D:4      | Got a brightly glowing robe
  5918 | D:4      | Identified the cursed +1 robe of Huen {rPois rC+} (You
                  | found it on level 4 of the Dungeon)
  5937 | Temple   | Entered the Ecumenical Temple
  5988 | Temple   | Became a worshipper of Sif Muna the Loreminder
  6165 | D:4      | Gained mutation: You are mostly covered in slimy green
                  | scales. (AC +3) [demonic ancestry]
  6165 | D:4      | Reached XP level 7. HP: 46/46 MP: 8/13
  6267 | D:4      | Reached skill level 1 in Invocations
  6352 | D:5      | Entered Level 5 of the Dungeon
  6391 | D:5      | Found Othru Sorgh's Weapon Emporium.
  6417 | D:5      | Found a glowing drain.
  6443 | Sewer    | Entered a sewer
  6543 | Sewer    | Noticed Purgy
  6550 | Sewer    | Killed Purgy
  6846 | D:5      | Noticed Sigmund
  6868 | D:5      | Killed Sigmund
  7040 | D:5      | Noticed Grinder
  7047 | D:5      | Paralysed by Grinder for 2 turns
  7055 | D:5      | Killed Grinder
  7055 | D:5      | Reached skill level 5 in Spellcasting
  7055 | D:5      | Gained mutation: Your flesh is cold resistant. (rC+)
                  | [demonic ancestry]
  7055 | D:5      | Reached XP level 8. HP: 47/52 MP: 2/15
  7061 | D:5      | Got an encrusted hand axe
  7062 | D:5      | Identified the +7 hand axe of Linearity {drain, rF++ Str-4}
                  | (You found it on level 5 of the Dungeon)
  7252 | D:5      | Noticed Menkaure
  7258 | D:5      | Killed Menkaure
  7258 | D:5      | Reached * piety under Sif Muna
  7701 | D:5      | Found Xiriuli's Magic Scroll Emporium.
  7707 | D:5      | Bought a scroll of enchant armour for 97 gold pieces
  7707 | D:5      | Bought a scroll of immolation for 45 gold pieces
  7707 | D:5      | Bought a scroll of identify for 26 gold pieces
  7707 | D:5      | Bought a scroll of fog for 26 gold pieces
  7707 | D:5      | Bought a scroll of fear for 45 gold pieces
  7707 | D:5      | Bought a scroll of magic mapping for 45 gold pieces
  8296 | D:6      | Reached skill level 1 in Fighting
  8595 | D:6      | Reached skill level 1 in Evocations
  8775 | D:6      | Reached ** piety under Sif Muna
  8952 | D:6      | Found a radiant altar of Vehumet.
  8952 | D:6      | Found a hazy altar of Hepliaklqana.
  9635 | D:7      | Found an opulent altar of Gozag.
  9658 | D:7      | Reached XP level 9. HP: 62/62 MP: 10/17
  9681 | D:7      | Reached skill level 5 in Conjurations
  9931 | D:7      | Reached skill level 5 in Fire Magic
 10636 | D:7      | Found a white marble altar of Elyvilon.
 10717 | D:7      | Found a basalt altar of Yredelemnul.
 10797 | D:9      | Noticed a deep elf mage
 10800 | D:9      | Killed a deep elf mage
 11127 | D:8      | Found a staircase to the Lair.
 11129 | D:8      | Noticed a komodo dragon
 11191 | D:8      | Reached skill level 5 in Fighting
 11520 | D:8      | Noticed Maurice
 11521 | D:8      | Found a basalt altar of Yredelemnul.
 11526 | D:8      | Paralysed by something for 5 turns
 11543 | D:8      | Killed Maurice
 11543 | D:8      | Reached XP level 10. HP: 58/76 MP: 9/19
 11618 | D:8      | Noticed a cyclops
 11630 | D:8      | Killed a cyclops
 12229 | D:8      | Noticed a two-headed ogre
 12240 | D:8      | Killed a two-headed ogre
 12240 | D:8      | Reached *** piety under Sif Muna
 12798 | D:9      | Found a runed translucent door.
 12799 | D:9      | Noticed Ripnakha's ghost (novice TrMo)
 12845 | D:8      | Slain by a vampire mosquito

Levels and vault maps discovered:
D:1:      elethiomel_arrival_maze, layout_basic
D:2:      layout_loops_ring
D:3:      layout_basic, kennysheep_okawaru_gauntlet, makhleb_altar_promises_db
D:4:      gammafunk_wand_slinger, layout_cave_pods,
          chequers_temple_overflow_statue_of_worship, minmay_temple_entry_mist,
          ebering_ghost_sewer_d, first_ration, serial_shops, shop
D:5:      corexii_shack_village, layout_loops_ring, portal_sewer_entry_d,
          serial_shops, shop, kennysheep_little_box, uniq_sigmund,
          uniq_menkaure, uniq_grinder
D:6:      layout_basic, gammafunk_temple_overflow_elements
D:7:      layout_loops_ring, kennysheep_ying_yang, grunt_gozag_statues,
          grunt_ogre_cave
D:8:      layout_loops_ring, david_lair_shrubbed, abandoned_shop,
          lemuel_statue_altar, uniq_maurice
D:9:      layout_long_grid, gammafunk_ghost_grave, cheibrodos_worm_habitat,
          uniq_prince_ribbit1
Temple:   nicolae_temple_hex_pool

Skill      XL: |  1  2  3  4  5  6  7  8  9 10 |
---------------+-------------------------------+-----
Stealth        | 2 |  2.0
Dodging        | 2 |  2.0
Fire Magic     | 3 4 6 |  6.8
Conjurations   | 2 3 4 6 7 |  7.0
Spellcasting   | 3 4 5 6 |  6.8
Shields        | 1 2 3 4 |  4.0
Invocations    | 4 6 |  6.0
Fighting       | 2 6 7 |  7.0
Evocations     | 2 3 |  3.0

Action                   |  1- 3 |  4- 6 |  7- 9 | 10-12 || total
-------------------------+-------+-------+-------+-------++-------
Melee: Unarmed           |     7 |       |       |       ||     7
       Dagger            |    40 |    12 |     1 |       ||    53
       Club              |     4 |       |       |       ||     4
       Hand axe          |       |       |    80 |    31 ||   111
Throw: Boomerang         |    19 |    29 |     1 |     3 ||    52
       Stone             |    16 |    17 |    47 |       ||    80
       Javelin           |    17 |    27 |    14 |       ||    58
 Cast: Flame Tongue      |    85 |    85 |   243 |    17 ||   430
       Conjure Flame     |       |     2 |     1 |     1 ||     4
       Sticky Flame      |       |       |    31 |    23 ||    54
Invok: Channel Magic     |       |       |     1 |       ||     1
Evoke: Wand              |       |       |       |     1 ||     1
  Use: Potion            |     5 |       |     1 |     1 ||     7
       Scroll            |       |     9 |     4 |     6 ||    19
 Stab: Distracted        |       |       |     1 |       ||     1
  Eat: Chunk             |     6 |    11 |    22 |     5 ||    44
       Ration            |       |       |       |     1 ||     1
Armor: Robe              |    21 |     7 |    52 |    18 ||    98
Dodge: Dodged            |    83 |    42 |   111 |    40 ||   276
Block: Buckler           |       |       |    53 |    37 ||    90
       Reflection        |       |       |     1 |     2 ||     3

Table legend:
 A = Non-vault XP
 B = Vault XP
 C = Vault XP percentage of total XP
 D = Non-vault monster count
 E = Vault monster count
 F = Vault count percentage of total count
                 A         B        C        D         E       F
            +---------+---------+-------+---------+---------+-------
      Total |    6349 |    2078 |  24.7 |     206 |      36 |  14.9
            +---------+---------+-------+---------+---------+-------
        D:1 |      56 |       0 |   0.0 |      30 |       0 |   0.0
        D:2 |      62 |       0 |   0.0 |      21 |       0 |   0.0
        D:3 |     108 |       3 |   2.7 |      27 |       2 |   6.9
        D:4 |     254 |     309 |  54.9 |      14 |       7 |  33.3
        D:5 |     300 |     698 |  69.9 |      13 |      15 |  53.6
        D:6 |     669 |       0 |   0.0 |      30 |       0 |   0.0
        D:7 |    1203 |     121 |   9.1 |      26 |       1 |   3.7
        D:8 |    2721 |     805 |  22.8 |      36 |       2 |   5.3
        D:9 |     976 |       0 |   0.0 |       9 |       0 |   0.0
      Sewer |       0 |     142 | 100.0 |       0 |       9 | 100.0
            +---------+---------+-------+---------+---------+-------
